 Dungeon Crawl Stone Soup version 0.26.1-2-gb8aa6d0cf2 (webtiles) character file.

Game seed: 17203824666326142869

85 Martska the Chucker (level 4, 0/48 HPs)
             Began as an Ogre Hunter on Mar 13, 2021.
             Slain by a leopard gecko (5 damage)
             ... on level 2 of the Dungeon.
             The game lasted 00:01:43 (2056 turns).

Martska the Chucker (Ogre Hunter)                   Turns: 2056, Time: 00:01:44

Health: 0/48       AC:  3    Str: 17    XL:     4   Next: 48%
Magic:  4/4        EV: 10    Int: 12    God:
Gold:   170        SH:  0    Dex:  9    Spells: 3/3 levels left

rFire    . . .     SeeInvis .   k - +0 whip
rCold    . . .     Faith    .   (no shield)
rNeg     . . .     Spirit   .   b - +0 robe
rPois    .         Reflect  .   (helmet restricted)
rElec    .         Harm     .   (no cloak)
rCorr    .         Rampage  .   (gloves unavailable)
Will     .....                  (boots unavailable)
Stlth    +.........             (no amulet)
HPRegen  0.16/turn              (no ring)
MPRegen  0.09/turn              (no ring)

@: no status effects
A: large, unfitting armour, tough skin 1
a: no special abilities


You were on level 2 of the Dungeon.
You visited 1 branch of the dungeon, and saw 2 of its levels.

You collected 170 gold pieces.

Inventory:

Hand Weapons
 a - a +0 short sword
 i - a +0 club
 k - a +0 whip (weapon)
Missiles
 c - 4 large rocks (quivered)
 d - 2 throwing nets
Armour
 b - a +0 robe (worn)
Scrolls
 f - 2 scrolls of teleportation {unknown}
 g - 3 scrolls of identify {unknown}
 j - a scroll of fog {unknown}
 l - a scroll of random uselessness {unknown}
 n - a scroll of amnesia {unknown}
 q - a scroll of noise {unknown}
Potions
 e - 3 potions of curing {unknown}
 h - a potion of resistance {unknown}
 m - 2 potions of lignification {unknown}
 o - a potion of flight {unknown}
 p - a potion of cancellation {unknown}


   Skills:
 * Level 3.8 Fighting
 * Level 1.3 Maces & Flails
 * Level 4.5 Throwing
 * Level 2.6 Dodging
 - Level 0.6 Stealth


You had 3 spell levels left.
You didn't know any spells.
Your spell library was empty.

Dungeon Overview and Level Annotations

Branches:
Dungeon (2/15)

Altars:


Innate Abilities, Weirdness & Mutations

You are too large for most types of armour.
You have tough skin. (AC +1)


Message History

The leopard gecko is severely wounded.
The leopard gecko bites you. The leopard gecko barely misses you.
You hit the leopard gecko but do no damage.
The leopard gecko is severely wounded.
You feel yourself speed up. The leopard gecko closely misses you.
The leopard gecko bites you.
* * * LOW HITPOINT WARNING * * *
You miss the leopard gecko.
The leopard gecko is severely wounded.
The leopard gecko bites you.
* * * LOW HITPOINT WARNING * * *
You hit the leopard gecko but do no damage.
The leopard gecko is severely wounded.
The leopard gecko closely misses you.
You barely miss the leopard gecko.
The leopard gecko is severely wounded.
The leopard gecko bites you.
* * * LOW HITPOINT WARNING * * *
The leopard gecko bites you.
You die...

#.. .. ## ....
..+.. ...#
g#.# #.. ...#
##.$ #..#
#.((##..######
#.)#(.......
#Kl@(#
#......##(#
##.#... #.#
#... #.#
.#...##.#
..... #.#
#.... #.#
#.... #.# #..
#.#


You could see a leopard gecko, a goblin (wandering) and a kobold.

Vanquished Creatures
  Natasha (D:2)
  2 oozes
  A worm (D:2)
  3 dart slugs
  3 leopard geckos
  4 giant cockroaches
  3 goblins
  6 hobgoblins
  2 jackals (D:1)
  5 kobolds
  2 bats (D:1)
  3 frilled lizards
  6 rats
41 creatures vanquished.

Vanquished Creatures (others)
  3 toadstools (D:1)
3 creatures vanquished.

Grand Total: 44 creatures vanquished

Notes
Turn   | Place    | Note
-------+----------+-------------------------------------------
     0 | D:1      | Martska the Ogre Hunter began the quest for the Orb.
     0 | D:1      | Reached XP level 1. HP: 22/22 MP: 1/1
   320 | D:1      | Reached XP level 2. HP: 30/31 MP: 2/2
   777 | D:1      | Reached XP level 3. HP: 37/37 MP: 3/3
  1869 | D:2      | Reached skill level 1 in Maces & Flails
  1994 | D:2      | Reached XP level 4. HP: 48/48 MP: 4/4
  2033 | D:2      | Noticed Natasha
  2044 | D:2      | Killed Natasha
  2056 | D:2      | Slain by a leopard gecko

Illustrated notes

Levels and vault maps discovered:
D:1:      co_arrival_random_square_maze, layout_rooms, minmay_misc_feat_plants,
          minmay_gold_behind_fungi
D:2:      layout_basic, minmay_tetromino_t4, uniq_natasha

Skill      XL: |  1  2  3 |
---------------+----------+-----
Fighting       | 3 |  3.8
Dodging        | 2 |  2.6
Maces & Flails | 1 |  1.3
Throwing       | |  4.5
Stealth        | |  0.6

Action                   |  1- 3 |  4- 6 || total
-------------------------+-------+-------++-------
Melee: Short sword       |    74 |       ||    74
       Whip              |    70 |    25 ||    95
Throw: Large rock        |     8 |     1 ||     9
Armor: Robe              |    45 |     5 ||    50
Dodge: Dodged            |    80 |    32 ||   112
